 Dungeon Crawl Stone Soup version 0.32-a0-675-gdc239d62e1 (webtiles) character file.

Game seed: 17712065729434242485

18707 lunkers the Cleaver (level 12, -3/96 HPs)
             Began as a Coglin Berserker on Mar 11, 2024.
             Was a High Priest of Trog.
             Slain by a two-headed ogre
             ... wielding a +0 giant club
              (14 damage)
             ... on level 2 of the Orcish Mines.
             The game lasted 00:16:52 (12285 turns).

lunkers the Cleaver (Coglin Berserker)             Turns: 12285, Time: 00:16:53

Health: -3/96      AC: 18    Str: 23    XL:     12   Next: 61%
Magic:  21/21      EV: 11    Int:  6    God:    Trog [*****.]
Gold:   630        SH:  0    Dex: 14    Spells: 11/11 levels left

rFire   . . .        s - +1 hand axe (vamp) {Cuetlachtli}
rCold   . . .        m - +2 hand axe (drain) {Chikashi}
rNeg    . . .        G - +3 ring mail {rPois}
rPois   +            f - +1 helmet
rElec   .            x - +0 cloak
rCorr   +            z - +4 pair of gloves of the World {+Blink rCorr MP+9}
SInv    .            (no boots)
Will    .....        (amulet unavailable)
Stlth   +            (ring unavailable)
HPRegen 0.36/turn    (ring unavailable)
MPRegen 0.17/turn    (no gizmo)

%: no passive effects
@: about to teleport, on berserk cooldown, slowed, revving, very slow
A: off-hand wielding, slow wielding, warmup strikes, no jewellery
a: Invent Gizmo, Renounce Religion, Evoke Blink, Berserk, Trog's Hand, Brothers
in Arms


You were on level 2 of the Orcish Mines.
You worshipped Trog.
Trog was extremely pleased with you.
You visited 2 branches of the dungeon, and saw 13 of its levels.

You collected 998 gold pieces.
You spent 368 gold pieces at shops.

Inventory:

Hand Weapons
 a - a +0 hand axe {Esteban}
 c - a +0 dagger {Bolek}
 d - a +3 heavy mace {Citlalmina}
 k - a +1 dagger of speed {Ermengarde}
 m - a +2 hand axe of draining (offhand) {Chikashi}
 r - a +3 hand axe {Fikile}
 s - a +1 vampiric hand axe (weapon) {Cuetlachtli}
 w - a +0 short sword of venom
 H - a +2 vampiric morningstar
Missiles
 g - 2 throwing nets
Armour
 f - a +1 helmet (worn)
 l - a +0 scale mail
 x - a +0 cloak (worn)
 z - the +4 pair of gloves of the World (worn) {+Blink rCorr MP+9}
   (You found it on level 7 of the Dungeon)

   MP+9:      It affects your magic capacity (+9).
   +Blink:    It lets you blink.
   rCorr:     It protects you from acid and corrosion.
 G - a +3 ring mail of poison resistance (worn)
Wands
 j - a wand of paralysis (19)
 t - a wand of acid (19)
 u - a wand of polymorph (16)
 A - a wand of digging (5)
 B - a wand of flame (11)
Scrolls
 h - 2 scrolls of identify
 i - 2 scrolls of teleportation
 n - 3 scrolls of fog
 p - a scroll of enchant armour
 y - a scroll of vulnerability
 F - a scroll of immolation
Potions
 b - a potion of might {unknown}
 e - 2 potions of haste
 o - a potion of cancellation
 q - a potion of brilliance
 v - a potion of resistance
 C - 2 potions of curing {unknown}
 D - a potion of attraction {unknown}
 E - 2 potions of heal wounds


   Skills:
 + Level 9.5 Fighting
 - Level 14.0 Axes
 + Level 8.2 Armour
 - Level 1.7 Dodging
 + Level 11.5 Evocations


You had 11 spell levels left.
You didn't know any spells.
Your spell library was empty.

Dungeon Overview and Level Annotations

Branches:
Dungeon (11/15)            Temple (0/1) D:6            Lair (0/5) D:8
    Orc (2/2) D:11            Elf (0/3) Orc:2

Altars:
Vehumet
Wu Jian
Beogh

Shops:
D:11 [

Annotations:
D:8 3 runed translucent doors, kd29's ghost, novice TrSh


Innate Abilities, Weirdness & Mutations

You can wield a second weapon in your off-hand.
It takes a long time for you to wield or remove held weapons.
Your first few attacks do less damage.
You cannot equip rings or amulets.


Message History

You hit something with your +1 vampiric hand axe.
You feel better.
You hit something with your +2 hand axe of draining.
Something hits you but does no damage.
You slash something with your +1 vampiric hand axe!
You feel better.
You slash something with your +2 hand axe of draining!
You hit something but do no damage. x2
You hear some strange, mumbled words.
A bolt of magma appears from out of thin air!
The bolt of magma hits you!!
You slash something with your +2 hand axe of draining!
You hit something but do no damage.
You hear some strange, mumbled words.
The two-headed ogre seems to speed up.
You hit something but do no damage.
You miss something with your +2 hand axe of draining.
Something hits you but does no damage.
Aiming: Polymorph
Press: ? - help, Shift-Dir - straight line, f - two-headed ogre
Aim: a two-headed ogre, wielding a +0 giant club and a +0 giant spiked club (fast, will become a yaktaur, a shining eye, or a shock serpent, chance to affect: 57%)
The two-headed ogre resists with significant effort.
The two-headed ogre hits you with a +0 giant club!
The two-headed ogre closely misses you. Something hits you.
Okay, then.
As you read the scroll of teleportation, it crumbles to dust.
You feel strangely unstable.
The two-headed ogre hits you with a +0 giant club!!
* * * LOW HITPOINT WARNING * * *
The two-headed ogre barely misses you. Something hits you but does no damage.
The two-headed ogre hits you with a +0 giant club!!
* * * LOW HITPOINT WARNING * * *
The two-headed ogre hits you but does no damage.
Something hits you but does no damage.
The two-headed ogre attacks as it pursues you!
The two-headed ogre hits you with a +0 giant club!
* * * LOW HITPOINT WARNING * * *
The two-headed ogre barely misses you.
The two-headed ogre hits you with a +0 giant club!
You die...

#..........####)).##.......#
#...........#.#)..........##
#................#........#
#..$......^...#...........#
#.......)).#.###..........##
#...........)..##...........#
..................#..#........
.............)).)....#........
..........O@.)..............
........{.))))........)....
........).....#....##.....
.............#....###.....
........)....#...## #.....
................## ......
.............#.## ......
.............### .......
.............. .......


You could see a two-headed ogre (fast).

Vanquished Creatures
  An ogre mage (Orc:2)
  6 two-headed ogres
  2 orc sorcerers
  An orc knight (Orc:2)
  A cyclops (D:11)
  4 centaur zombies (D:11)
  A komodo dragon (D:11)
  An unseen horror (D:11)
  3 trolls
  A hornet (D:9)
  A meliai zombie (D:11)
  2 shadows
  4 vampires
  20 yaks
  The ghost of lunkers the Cudgeller, an amateur CoBe of Trog (D:4)
  2 steam dragons
  Duvessa (D:6)
  A water moccasin (D:8)
  A hornet zombie (D:4)
  A sky beast (D:7)
  13 orc warriors
  An ice beast (D:6)
  2 black bears
  5 ogres (Orc:2)
  5 centaurs
  3 phantoms
  5 bullfrogs
  4 scorpions
  2 gnoll sergeants
  3 wights (D:8)
  Dowan (D:6)
  15 killer bees
  4 howler monkeys
  2 electric eels (D:11)
  A bombardier beetle (D:5)
  A jelly (D:6)
  7 orc priests
  A bullfrog skeleton (D:4)
  4 hounds
  2 gnoll boudas
  5 iguanas
  Ijyb (D:3)
  10 orc wizards
  3 sleepcaps
  2 ogre zombies (D:4)
  A howler monkey zombie (D:4)
  Robin (D:2)
  16 gnolls
  A howler monkey skeleton (D:4)
  5 adders
  An orc zombie (D:4)
  A shadow imp (D:6)
  2 white imps
  5 dart slugs
  4 ribbon worms
  46 orcs
  7 bats
  7 endoplasms
  4 giant cockroaches
  9 hobgoblins
  6 jackals
  7 quokkas
  5 ball pythons
  14 frilled lizards
  15 goblins
  7 kobolds
  3 rats
324 creatures vanquished.

Notes
Turn   | Place    | Note
-------+----------+-------------------------------------------
     0 | D:1      | lunkers the Coglin Berserker began the quest for the Orb.
     0 | D:1      | Reached XP level 1. HP: 18/18 MP: 1/1
   200 | D:1      | Reached XP level 2. HP: 9/24 MP: 2/2
   347 | D:1      | Found a faded altar of an unknown god.
   363 | D:1      | Reached skill level 4 in Axes
   530 | D:1      | Reached XP level 3. HP: 25/29 MP: 3/3
   636 | D:1      | Reached ** piety under Trog
  1222 | D:2      | Noticed Robin
  1225 | D:2      | Reached XP level 4. HP: 23/35 MP: 4/4
  1227 | D:2      | Killed Robin
  1229 | D:2      | Reached skill level 5 in Axes
  2146 | D:3      | Noticed Ijyb
  2151 | D:3      | Killed Ijyb
  2152 | D:3      | Reached XP level 5. HP: 41/41 MP: 5/5
  2184 | D:3      | Reached skill level 6 in Axes
  2607 | D:3      | Found an ornate altar of the Wu Jian Council.
  2648 | D:3      | Reached *** piety under Trog
  2889 | D:4      | Found a transporter.
  2908 | D:4      | Found a radiant altar of Vehumet.
  2925 | D:4      | Reached XP level 6. HP: 41/47 MP: 6/6
  3050 | D:4      | Found a runed translucent gate.
  3050 | D:4      | Found a runed translucent gate.
  3050 | D:4      | Found a runed translucent gate.
  3063 | D:4      | Noticed lunkers's ghost (amateur CoBe)
  3159 | D:4      | Noticed a black bear
  3167 | D:4      | Killed a black bear
  3168 | D:4      | Reached skill level 7 in Axes
  3397 | D:4      | Found a transporter.
  3567 | D:4      | Killed lunkers's ghost
  3568 | D:4      | Reached skill level 8 in Axes
  3568 | D:4      | Reached XP level 7. HP: 52/52 MP: 7/7
  3663 | D:5      | Entered Level 5 of the Dungeon
  3699 | D:5      | Reached skill level 9 in Axes
  3806 | D:5      | Reached XP level 8. HP: 58/58 MP: 8/8
  4007 | D:4      | Reached **** piety under Trog
  4132 | D:5      | Reached skill level 10 in Axes
  4565 | D:6      | Found a staircase to the Ecumenical Temple.
  4909 | D:6      | Reached skill level 1 in Evocations
  5273 | D:6      | Noticed Dowan
  5274 | D:6      | Noticed Duvessa
  5282 | D:6      | Killed Dowan
  5283 | D:6      | Killed Duvessa
  5284 | D:6      | Reached XP level 9. HP: 65/65 MP: 9/9
  6131 | D:7      | Reached skill level 5 in Evocations
  6423 | D:7      | Reached skill level 11 in Axes
  6825 | D:7      | Identified the +4 pair of gloves of the World {+Blink rCorr
                  | MP+9}
  7273 | D:8      | Found a staircase to the Lair.
  7282 | D:8      | Reached skill level 5 in Fighting
  7690 | D:8      | Reached XP level 10. HP: 74/74 MP: 10/10
  7738 | D:8      | Reached skill level 12 in Axes
  7984 | D:8      | Found a runed translucent gate.
  7985 | D:8      | Found a runed translucent gate.
  7986 | D:8      | Found a runed translucent gate.
  7986 | D:8      | Noticed an 11-headed hydra
  7986 | D:8      | Noticed a ten-headed hydra
  7986 | D:8      | Noticed kd29's ghost (novice TrSh)
  8521 | D:9      | Reached skill level 5 in Armour
  8986 | D:9      | Noticed a two-headed ogre
  8991 | D:9      | Killed a two-headed ogre
  9352 | D:10     | Entered Level 10 of the Dungeon
  9668 | D:10     | Reached XP level 11. HP: 83/83 MP: 11/11
  9742 | D:10     | Reached skill level 13 in Axes
  9763 | D:10     | Reached ***** piety under Trog
 10108 | D:11     | Noticed a two-headed ogre
 10113 | D:11     | Killed a two-headed ogre
 10226 | D:11     | Found a staircase to the Orcish Mines.
 10757 | D:11     | Noticed a cyclops
 10765 | D:11     | Killed a cyclops
 10766 | D:11     | Reached skill level 14 in Axes
 11063 | D:11     | Reached XP level 12. HP: 90/93 MP: 12/12
 11198 | D:11     | Found Coiniamn's Armour Shoppe.
 11209 | D:11     | Bought a +3 ring mail of poison resistance for 368 gold
                  | pieces
 11362 | Orc:1    | Entered Level 1 of the Orcish Mines
 11583 | Orc:2    | Entered Level 2 of the Orcish Mines
 11592 | Orc:2    | Received a gift from Trog
 11599 | Orc:2    | Noticed a soul eater
 11608 | Orc:1    | Reached skill level 10 in Evocations
 11609 | Orc:1    | Paralysed by an orc sorcerer for 3 turns
 11868 | Orc:2    | Found a roughly hewn altar of Beogh.
 11964 | Orc:2    | Paralysed by an orc sorcerer for 4 turns
 12005 | Orc:2    | Found a staircase to the Elven Halls.
 12169 | Orc:2    | Noticed a two-headed ogre
 12170 | Orc:2    | Noticed a two-headed ogre
 12192 | Orc:2    | Killed a two-headed ogre
 12193 | Orc:2    | Killed a two-headed ogre
 12213 | Orc:2    | Noticed an ogre mage
 12218 | Orc:2    | Noticed an ogre mage
 12248 | Orc:2    | Noticed a two-headed ogre
 12251 | Orc:2    | Noticed a two-headed ogre
 12254 | Orc:2    | Killed a two-headed ogre
 12258 | Orc:2    | Killed an ogre mage
 12269 | Orc:2    | Killed a two-headed ogre
 12276 | Orc:2    | Noticed a two-headed ogre
 12285 | Orc:2    | Slain by a two-headed ogre

Illustrated notes

Levels and vault maps discovered:
D:1:      dpeg_arrival_simpleton_b, layout_loops_ring,
          shapermc_ecumenical_altar_notcrosses, minmay_tetromino_o4
D:2:      layout_loops_corners, uniq_robin
D:3:      layout_basic, lemuel_tele_altar, serial_rivers,
          chequers_serial_rivers_micro_d, chequers_serial_rivers_room_b,
          chequers_serial_rivers_small_a, chequers_serial_rivers_large_b,
          minmay_lizard_king, uniq_ijyb
D:4:      gammafunk_cloud_chamber, layout_loops_cross, amcnicky_altar_gilded,
          gammafunk_ghost_necromancy
D:5:      layout_rooms, serial_corexii_hall, corexii_hall_statues_i,
          chequers_hall_statues_wall_a, kennysheep_another_room
D:6:      layout_basic, temple_statues, uniq_duvessa
D:7:      layout_layer_cave, minmay_circle_x
D:8:      hellmonk_ruined_rings, layout_gridville, lair_entry_dummy,
          gammafunk_ghost_hydra_chop, minmay_misc_feat_plants, st_stairs_12
D:9:      layout_basic, minivault_1
D:10:     layout_roguey, kennysheep_generic_room_8
D:11:     layout_stronghold, serial_undead, serial_undead_b, serial_undead_f,
          serial_undead_f, serial_undead_d, serial_shops, nicolae_lakefront_shop
Orc:1:    layout_diamond_mine
Orc:2:    st_orc_ogre_mass, layout_diamond_mine, mines2_david

Skill      XL: |  1  2  3  4  5  6  7  8  9 10 11 12 |
---------------+-------------------------------------+-----
Axes           | 4 5 6 8 9 10 11 12 14 | 14.0
Evocations     | 3 5 7 9 11 | 11.5
Armour         | 2 4 5 7 8 |  8.2
Fighting       | 4 5 6 8 9 |  9.5
Dodging        | |  1.7

Action                     |  1- 3 |  4- 6 |  7- 9 | 10-12 || total
---------------------------+-------+-------+-------+-------++-------
  Melee: Hand axe          |    84 |   100 |   348 |   795 ||  1327
         Dagger            |    73 |    67 |    64 |       ||   204
         Mace              |    11 |    44 |       |       ||    55
         Unarmed           |       |       |     8 |       ||     8
 Invoke: Berserk           |       |     3 |     5 |     8 ||    16
         Trog's Hand       |       |       |       |     1 ||     1
  Evoke: Wand              |       |       |       |     2 ||     2
    Use: Scroll            |     2 |     5 |     6 |     1 ||    14
         Potion            |       |       |       |     1 ||     1
 Armour: Animal skin       |    49 |    37 |       |       ||    86
         Scale mail        |       |    50 |   194 |   292 ||   536
         Skin              |       |       |    13 |       ||    13
         Ring mail         |       |       |       |    88 ||    88
  Dodge: Dodged            |    53 |    63 |   146 |   178 ||   440

Table legend: (Time is in decaauts)
 A = Elapsed time spent in this place.
 B = Non-inter-level travel time spent in this place.
 C = Inter-level travel time spent in this place.
 D = Time resting spent in this place.
 E = Time spent auto-exploring this place.
 F = Levels seen in this place.
 G = Mean time per level.
                   A        B        C        D        E       F      G
               +--------+--------+--------+--------+--------+-----+--------+
         Total |  12275 |  11618 |    657 |    871 |   8985 |  13 |  944.2 |
       Dungeon |  11366 |  10754 |    612 |    594 |   8625 |  11 | 1033.3 |
  Orcish Mines |    909 |    865 |     44 |    277 |    360 |   2 |  454.5 |
               +--------+--------+--------+--------+--------+-----+--------+

Top non-repeatable levels by time:
     D:7: 1346 daAuts
     D:4: 1313 daAuts
    D:11: 1301 daAuts
     D:6: 1201 daAuts
     D:2: 1048 daAuts
     D:1: 1023 daAuts
     D:9: 966 daAuts
     D:8: 948 daAuts
     D:3: 879 daAuts
     D:5: 682 daAuts
    D:10: 654 daAuts
   Orc:1: 465 daAuts
   Orc:2: 443 daAuts
